 Dungeon Crawl Stone Soup version 0.30.0-29-ga12c61a403 (webtiles) character file.

Game seed: 4013932463942278690

11519 sweetbreads the Geomancer (level 11, -2/66 HPs)
             Began as a Gargoyle Earth Elementalist on June 6, 2023.
             Was an Initiate of Gozag.
             Slain by Urug
             ... wielding a +7 double sword
              (17 damage)
             ... on level 1 of the Lair of Beasts.
             The game lasted 00:58:01 (13333 turns).

sweetbreads the Geomancer (GrEE)                   Turns: 13333, Time: 00:58:03

Health: -2/66      AC: 13    Str: 13    XL:     11   Next: 79%
Magic:  1/17       EV: 13    Int: 27    God:    Gozag
Gold:   2182       SH:  5    Dex: 10    Spells: 6/18 levels left

rFire   + . .        a - staff of earth
rCold   + . .        (no shield)
rNeg    + . .        c - +0 robe
rPois   ∞            (no helmet)
rElec   +            (no cloak)
rCorr   .            h - +2 pair of gloves of Feasting {rC+ Str+2}
SInv    .            (no boots)
Will    .....        W - amulet of reflection
Stlth   ++           w - ring of protection from fire
HPRegen 0.31/turn    Q - +6 ring of intelligence
MPRegen 0.15/turn

%: reflection
@: no status effects
A: sickness immunity, AC +8, negative energy resistance 1, electricity
resistance, torment resistance 1, petrification resistance
a: Renounce Religion, Potion Petition, Call Merchant, Bribe Branch


You were on level 1 of the Lair of Beasts.
You worshipped Gozag.
Gozag was most pleased with you.
You visited 3 branches of the dungeon, and saw 13 of its levels.

You collected 2478 gold pieces.
You spent 216 gold pieces at shops.
You paid 80 gold pieces to Gozag.

Inventory:

Hand Weapons
 b - a +1 whip of flaming
 d - a +5 flail
 A - a +2 spear of venom
 E - a +2 short sword of draining
 U - a +3 whip
Missiles
 n - 2 throwing nets
 x - 16 poisoned darts (quivered)
 P - 4 curare-tipped darts
Armour
 c - a +0 robe (worn)
 h - the +2 pair of gloves of Feasting (worn) {rC+ Str+2}
   (You acquired it on level 5 of the Dungeon)

   Str:       It affects your strength (+2).
   rC:        It protects you from cold.
 m - a +0 buckler
 t - a +2 plate armour of willpower
 D - a +2 pair of gloves
 L - a +1 leather armour of willpower
Magical Staves
 a - a staff of earth (weapon)
Jewellery
 q - a ring of fire
 w - a ring of protection from fire (left hand)
 M - a ring of ice
 Q - a +6 ring of intelligence (right hand)
 W - an amulet of reflection (around neck)
Wands
 s - a wand of light (3)
 v - a wand of iceblast (9)
 C - a wand of flame (52)
 I - a wand of polymorph (3)
Scrolls
 o - 2 scrolls of summoning
 p - 3 scrolls of enchant armour {unknown}
 y - 3 scrolls of fear
 N - 2 scrolls of poison {unknown}
 O - 3 scrolls of noise {unknown}
 R - 3 scrolls of amnesia
 S - a scroll of blinking {unknown}
 V - 2 scrolls of magic mapping {unknown}
Potions
 e - a potion of ambrosia
 f - a potion of berserk rage {unknown}
 g - 6 potions of flight
 i - 3 potions of heal wounds {unknown}
 j - 5 potions of curing
 k - 3 potions of might
 l - a potion of attraction {unknown}
 r - 2 potions of invisibility
 u - 2 potions of resistance
 z - a potion of haste {unknown}
 B - 2 potions of lignification
 F - 2 potions of magic


   Skills:
 * Level 6.5 Fighting
 * Level 4.5 Dodging
 - Level 4.0 Stealth
 * Level 2.4 Shields
 - Level 4.0 Spellcasting
 * Level 6.7 Conjurations
 - Level 4.0 Transmutations
 * Level 6.2 Ice Magic
 + Level 13.8 Earth Magic
 * Level 3.4 Evocations


You had 6 spell levels left.
You knew the following spells:

 Your Spells              Type           Power      Damage    Failure   Level
a - Sandblast             Erth           100%       2d20      1%          1
b - Stone Arrow           Conj/Erth      100%       3d13      1%          3
c - Petrify               Tmut/Erth      69%        N/A       1%          4
d - Freeze                Ice            100%       1d10      1%          1
e - Frozen Ramparts       Ice            78%        1d12      1%          3

Your spell library contained the following spells:

 Spells                   Type           Power      Damage    Failure   Level
 Kiss of Death            Conj/Necr      92%        2d12      1%          1
 Passwall                 Tmut/Erth      57%        N/A       1%          2
 Hailstorm                Conj/Ice       40%        3d10      1%          3
 Wereblood                Tmut           27%        N/A       2%          2
 Slow                     Hex            20%        N/A       8%          1
 Confusing Touch          Hex            5%         N/A       24%         3
 Portal Projectile        Hex/Tloc       10%        N/A       24%         3
 Tukima's Dance           Hex            5%         N/A       24%         3
 Vampiric Draining        Necr           5%         2d6       24%         3
 Blade Hands              Tmut           13%        N/A       38%         5
 Anguish                  Hex/Necr       2%         N/A       61%         4
 Dispel Undead            Necr           5%         3d7       61%         4
 Olgreb's Toxic Radiance  Pois           5%         N/A       61%         4
 Death Channel            Necr           2%         N/A       100%        6
 Summon Hydra             Summ           2%         N/A       100%        7
 Cigotuvi's Dreadful Rot  Necr/Pois/Air  Unusable   N/A       N/A         2
 Sublimation of Blood     Necr           Unusable   N/A       N/A         2
 Animate Dead             Necr           Unusable   N/A       N/A         4

Dungeon Overview and Level Annotations

Branches:
Dungeon (11/15)            Temple (1/1) D:7            Lair (1/5) D:10
    Orc (0/2) D:11

Altars:
Ashenzari
Cheibriados
Dithmenos
Elyvilon
Fedhas
Gozag
Hepliaklqana
Kikubaaqudgha
Makhleb
Nemelex Xobeh
Okawaru
Qazlal
Ru
Sif Muna
Trog
Uskayaw
Vehumet
Wu Jian
Xom
Yredelemnul
Zin
The Shining One

Shops:
D:6 *

Annotations:
D:3 2 transporters
D:10 Amaemon
D:11 Fannar
Lair:1 Urug


Innate Abilities, Weirdness & Mutations

You are immune to sickness and miasma.
Your stone body is resilient. (AC +8)
You are immune to poison.
You resist negative energy. (rN+)
You are resistant to electric shocks. (rElec)
You are resistant to unholy torment.
You are immune to petrification.


Message History

Press: ? - help, Shift-Dir - straight line, f/p - Urug
Aim: Urug, wielding a +7 double sword, wearing a +0 scale mail and quivering javelins (severely wounded, petrified, 100% to hit)
The puff of flame hits Urug.
Urug is severely wounded.
Aiming: Throw Flame
Press: ? - help, Shift-Dir - straight line, f/p - Urug
Aim: Urug, wielding a +7 double sword, wearing a +0 scale mail and quivering javelins (severely wounded, petrified, 100% to hit)
The puff of flame hits Urug but does no damage.
Urug is severely wounded.
Aiming: Throw Flame
Press: ? - help, Shift-Dir - straight line, f/p - Urug
Aim: Urug, wielding a +7 double sword, wearing a +0 scale mail and quivering javelins (severely wounded, petrified, 100% to hit)
The puff of flame hits Urug.
Urug is severely wounded.
Casting: Sandblast (safe; 1% risk of failure)
Confirm with . or Enter, or press ? or * to list all spells.
Aiming: Sandblast (safe; 1% risk of failure)
Press: ? - help, Shift-Dir - straight line, f/p - Urug
Aim: Urug, wielding a +7 double sword, wearing a +0 scale mail and quivering javelins (severely wounded, petrified, 100% to hit)
You feel a surge of power!
The blast of sand hits Urug.
Urug is severely wounded.
Urug is no longer petrified.
Urug hits you with a +7 double sword!
* * * LOW HITPOINT WARNING * * *
Unknown command.
Unknown command.
Aiming: Throw Flame
Press: ? - help, Shift-Dir - straight line, f/p - Urug
Aim: Urug, wielding a +7 double sword, wearing a +0 scale mail and quivering javelins (severely wounded, 64% to hit)
The puff of flame hits Urug.
Urug is severely wounded.
Urug misses you.
Unknown command.
Aiming: Throw Flame
Press: ? - help, Shift-Dir - straight line, f/p - Urug
Aim: Urug, wielding a +7 double sword, wearing a +0 scale mail and quivering javelins (severely wounded, 64% to hit)
The puff of flame hits Urug.
Urug is almost dead.
Urug hits you with a +7 double sword!
You die...
Your body crumbles into a pile of gold.

$ #........ #..
.....!... ....
......... .. ...
#........
..###.###........
...............!..
..................
.........."......
........@o.......P
.####..P#.#..#..P
###.###.#.....P $
#.......o.....~
#......##..#o..
#.....<# .....
#..........#...
#.......P...# ..
.........##..# .


You could see Urug.

Vanquished Creatures
  Sonja (D:11)
  A manticore (D:11)
  An orange demon (D:10)
  2 unseen horrors
  A rime drake (D:10)
  3 trolls
  A hornet (D:9)
  4 wraiths (D:11)
  2 shadows
  6 yaks (D:11)
  A vampire (D:10)
  A basilisk (D:11)
  3 steam dragons
  An acid dragon (D:11)
  4 water moccasins
  A black bear (D:7)
  2 sky beasts
  7 orc warriors
  4 ice beasts
  4 wolves (D:10)
  5 centaurs
  4 ogres
  2 phantoms
  3 kobold brigands
  4 gnoll sergeants
  4 scorpions
  8 bullfrogs
  5 wights (D:7)
  8 killer bees
  6 howler monkeys
  2 jellies (D:6)
  3 hounds
  6 orc priests
  5 iguanas
  A sleepcap (D:4)
  4 orc wizards
  24 gnolls
  6 adders
  3 shadow imps
  A white imp (D:7)
  An adder zombie (D:2)
  4 worms
  2 dart slugs
  37 orcs
  13 ball pythons
  2 bat zombies (D:2)
  8 endoplasms
  4 giant cockroaches
  6 goblins
  8 hobgoblins
  6 jackals
  30 kobolds
  2 quokkas
  A ball python zombie (D:2)
  4 bats
  3 frilled lizards
  A giant cockroach zombie (D:2)
  3 goblin skeletons (D:7)
  A goblin zombie (D:7)
  2 hobgoblin zombies (D:7)
  2 kobold skeletons (D:7)
  2 kobold zombies (D:7)
  An orc skeleton (D:7)
  An orc zombie (D:7)
  A quokka zombie (D:2)
  5 rats
304 creatures vanquished.

Vanquished Creatures (collateral kills)
  A black bear (D:5)
1 creature vanquished.

Grand Total: 305 creatures vanquished

Notes
Turn   | Place    | Note
-------+----------+-------------------------------------------
     0 | D:1      | sweetbreads the Gargoyle Earth Elementalist began the quest
                  | for the Orb.
     0 | D:1      | Reached XP level 1. HP: 10/10 MP: 3/3
   170 | D:1      | Reached XP level 2. HP: 15/15 MP: 3/5
   282 | D:1      | Reached skill level 1 in Transmutations
   408 | D:1      | Reached skill level 4 in Earth Magic
   676 | D:2      | Reached XP level 3. HP: 17/20 MP: 2/6
   688 | D:1      | Learned a level 3 spell: Stone Arrow
  1128 | D:2      | Reached skill level 1 in Conjurations
  1235 | D:2      | Reached skill level 1 in Fighting
  1235 | D:2      | Reached XP level 4. HP: 25/25 MP: 3/7
  1352 | D:3      | Found a transporter.
  1367 | D:3      | Noticed a kobold demonologist
  1372 | D:3      | Found a transporter.
  1904 | D:2      | Reached XP level 5. HP: 29/29 MP: 3/8
  2244 | D:3      | Reached skill level 5 in Earth Magic
  2898 | D:4      | Reached XP level 6. HP: 32/35 MP: 3/9
  2967 | D:4      | Noticed an ice beast
  3217 | D:5      | Entered Level 5 of the Dungeon
  3217 | D:5      | Found an opulent altar of Gozag.
  3231 | D:5      | Became a worshipper of Gozag Ym Sagoz the Greedy
  3244 | D:4      | Reached skill level 6 in Earth Magic
  3356 | D:5      | Reached XP level 7. HP: 40/40 MP: 7/10
  3366 | D:5      | Identified a scroll of acquirement
  3366 | D:5      | Acquired the +2 pair of gloves of Feasting {rC+ Str+2}
  3423 | D:5      | You fall into a shaft and drop 3 floors!
  3464 | D:7      | Found a glowing golden altar of the Shining One.
  3637 | D:6      | Got Miotozxi's Grimoire of Spectral Putridity
  3736 | D:6      | Found an iron altar of Okawaru.
  3750 | D:6      | Reached skill level 7 in Earth Magic
  3765 | D:6      | Found Gush's Gadget Gallery.
  3895 | D:5      | Learned a level 4 spell: Petrify
  4093 | D:4      | Reached XP level 8. HP: 41/46 MP: 8/11
  4250 | D:4      | Reached skill level 1 in Ice Magic
  4545 | D:5      | Reached skill level 8 in Earth Magic
  5110 | D:6      | Reached skill level 9 in Earth Magic
  5289 | D:6      | Reached XP level 9. HP: 48/52 MP: 6/12
  5344 | D:6      | Found a white marble altar of Elyvilon.
  5658 | D:6      | Bought a wand of iceblast (2) for 57 gold pieces
  5658 | D:6      | Bought a wand of flame (6) for 50 gold pieces
  5658 | D:6      | Bought a wand of flame (13) for 109 gold pieces
  6344 | D:7      | Reached skill level 10 in Earth Magic
  6395 | D:7      | Found a staircase to the Ecumenical Temple.
  6877 | D:7      | Learned a level 1 spell: Freeze
  6881 | D:7      | Learned a level 3 spell: Frozen Ramparts
  7111 | D:7      | HP: 2/52 [steam dragon (4)]
  7112 | D:7      | Reached XP level 10. HP: 1/58 MP: 10/16
  7116 | D:7      | HP: 2/58 [steam dragon (4)]
  7317 | D:8      | Reached skill level 11 in Earth Magic
  7498 | D:8      | Found a shadowy altar of Dithmenos.
  7505 | D:8      | Found a radiant altar of Vehumet.
  7508 | D:8      | Found a sacrificial altar of Ru.
  7508 | D:8      | Found a stormy altar of Qazlal.
  7515 | D:8      | Found an ancient bone altar of Kikubaaqudgha.
  8269 | D:9      | Reached skill level 5 in Conjurations
  8357 | D:9      | Reached skill level 5 in Fighting
  8361 | D:9      | Reached skill level 1 in Evocations
  8982 | D:9      | Reached skill level 12 in Earth Magic
  9140 | Temple   | Entered the Ecumenical Temple
  9360 | D:9      | Found a burning altar of Makhleb.
  9362 | D:9      | Found a snail-covered altar of Cheibriados.
  9767 | D:10     | Entered Level 10 of the Dungeon
  9919 | D:10     | Reached skill level 5 in Ice Magic
  9931 | D:10     | Found a staircase to the Lair.
 10204 | D:10     | Reached XP level 11. HP: 64/64 MP: 15/17
 10245 | D:10     | Noticed Amaemon
 10388 | D:10     | Reached skill level 13 in Earth Magic
 11095 | D:11     | Found a staircase to the Orcish Mines.
 11580 | D:11     | Reached skill level 1 in Shields
 12100 | D:11     | Noticed a manticore
 12106 | D:11     | HP: 2/64 [centaur/arrow (9)]
 12112 | D:11     | HP: 2/65 [wraith (9)]
 12341 | D:11     | Killed a manticore
 12504 | D:11     | Noticed Fannar
 12550 | D:11     | Noticed Sonja
 12555 | D:11     | Killed Sonja
 13300 | Lair:1   | Entered Level 1 of the Lair of Beasts
 13302 | Lair:1   | Noticed Urug
 13333 | Lair:1   | Slain by Urug

Illustrated notes

Levels and vault maps discovered:
D:1:      dpeg_arrival_tiny_g, layout_basic
D:2:      layout_rooms, serial_undead, serial_undead_f, serial_undead_d,
          serial_undead_e, serial_undead_f, serial_undead_a, serial_undead_b,
          nrook_mini_backslash, kennysheep_big_empty_room, nrook_mini_vaults,
          minmay_misc_feat_enclosed, grunt_ministairs_10
D:3:      gammafunk_wand_slinger, layout_basic
D:4:      layout_basic, grunt_decor_fettered, st_stairs_2,
          kennysheep_generic_room_6
D:5:      layout_cave_pods, mainiacjoe_overflow_small_starburst,
          gup_sewer_entry_glass
D:6:      layout_basic, mainiacjoe_overflow_chevrons,
          mainiacjoe_overflow_tiny_flanked, nicolae_shop_gadgets
D:7:      layout_basic, nicolae_tso_besieged_by_evil,
          minmay_temple_entry_statues_fountains
D:8:      layout_rooms, nicolae_overflow_hallway_of_the_gods
D:9:      layout_loops_corners, nicolae_overflow_hidden_temple
D:10:     layout_stronghold, hellmonk_lair_entry_icy, kennysheep_windowed_goal,
          uniq_amaemon
D:11:     layout_stronghold, david_orc_2, grunt_potential, uniq_fannar,
          uniq_sonja
Temple:   nicolae_temple_bog_church
Lair:1:   layout_regular_city, lemuel_fruit_fields, serial_bayou_shore_a,
          uniq_urug

Skill      XL: |  1  2  3  4  5  6  7  8  9 10 11 |
---------------+----------------------------------+-----
Transmutations | 1 2 3 4 |  4.0
Earth Magic    | 4 5 6 7 9 10 12 13 | 13.8
Conjurations   | 1 2 3 4 5 6 |  6.7
Dodging        | 2 3 4 |  4.5
Fighting       | 1 2 3 4 5 6 |  6.5
Stealth        | 3 4 |  4.0
Ice Magic      | 2 3 5 6 |  6.2
Spellcasting   | 4 |  4.0
Evocations     | 2 3 |  3.4
Shields        | 2 |  2.4

Action                     |  1- 3 |  4- 6 |  7- 9 | 10-12 || total
---------------------------+-------+-------+-------+-------++-------
  Melee: Whip              |    27 |     6 |    30 |       ||    63
         Punch             |     1 |       |       |       ||     1
         Staff             |       |       |       |    13 ||    13
  Throw: Dart              |       |     3 |       |       ||     3
   Cast: Sandblast         |    57 |    98 |   177 |   220 ||   552
         Petrify           |       |       |     2 |     5 ||     7
         Freeze            |       |       |       |    21 ||    21
         Frozen Ramparts   |       |       |       |    22 ||    22
  Evoke: Wand              |       |       |       |     5 ||     5
    Use: Scroll            |       |     6 |     9 |     5 ||    20
         Potion            |       |       |       |     5 ||     5
   Stab: Sleeping          |       |     1 |       |       ||     1
         Petrified         |       |       |     3 |       ||     3
 Armour: Robe              |    16 |    11 |    58 |    87 ||   172
         Leather armour    |       |       |     1 |       ||     1
  Dodge: Dodged            |    39 |    28 |    81 |   138 ||   286
  Block: Other             |       |       |       |    54 ||    54
         Reflection        |       |       |       |     4 ||     4
